 Dungeon Crawl Stone Soup version 0.29.1-1-gd02db6906a (webtiles) character file.

Game seed: 1352930339992137254

63 xian the Trooper (level 4, -2/49 HPs)
             Began as an Ogre Fighter on Oct 14, 2022.
             Slain by an orc priest
             ... wielding a +0 trident
              (3 damage)
             ... on level 3 of the Dungeon.
             The game lasted 00:03:40 (2553 turns).

xian the Trooper (Ogre Fighter)                     Turns: 2553, Time: 00:03:41

Health: -2/49      AC:  3    Str: 22    XL:     4   Next: 10%
Magic:  4/4        EV:  8    Int:  9    God:
Gold:   315        SH:  7    Dex:  8    Spells: 3/3 levels left

rFire   . . .      SeeInvis .   a - +0 war axe
rCold   . . .      Faith    .   c - +0 kite shield
rNeg    . . .      Spirit   .   b - +0 robe
rPois   .          Reflect  .   (helmet restricted)
rElec   .          Harm     .   g - scarf {repulsion}
rCorr   .          Rampage  .   (gloves unavailable)
Will    .....                   (boots unavailable)
Stlth   +.........              u - amulet of regeneration
HPRegen 0.96/turn               (no ring)
MPRegen 0.09/turn               (no ring)

@: repel missiles
A: large, unfitting armour, tough skin 1
a: no special abilities


You were on level 3 of the Dungeon.
You visited 1 branch of the dungeon, and saw 3 of its levels.

You collected 315 gold pieces.

Inventory:

Hand Weapons
 a - a +0 war axe (weapon)
 h - a +2 dagger of speed
Missiles
 o - 3 curare-tipped darts (quivered)
 q - 5 stones
Armour
 b - a +0 robe (worn)
 c - a +0 kite shield (worn)
 g - a scarf of repulsion (worn)
Jewellery
 u - an amulet of regeneration (around neck)
Scrolls
 f - 3 scrolls of teleportation {unknown}
 j - a scroll of vulnerability {unknown}
 l - 5 scrolls of identify {unknown}
 m - a scroll of magic mapping {unknown}
 t - a scroll of blinking {unknown}
Potions
 d - a potion of might
 e - 3 potions of heal wounds {unknown}
 i - 2 potions of curing {unknown}
 k - a potion of brilliance {unknown}
 n - a potion of flight {unknown}
 p - a potion of lignification {unknown}
 r - a potion of mutation {unknown}
 s - a potion of degeneration {unknown}


   Skills:
 + Level 4.5 Fighting
 + Level 2.8 Axes
 + Level 3.2 Dodging
 + Level 3.5 Shields


You had 3 spell levels left.
You didn't know any spells.
Your spell library contained the following spells:

 Spells                   Type           Power      Damage    Failure   Level
 Apportation              Tloc           0%         N/A       67%         1
 Foxfire                  Conj/Fire      0%         2x1d4     67%         1
 Necrotise                Necr           0%         1d4       67%         1
 Summon Small Mammal      Summ           0%         N/A       67%         1
 Conjure Flame            Conj/Fire      0%         6-21      96%         3
 Ignite Poison            Fire/Tmut/Pois 0%         N/A       96%         3
 Inner Flame              Hex/Fire       0%         N/A       96%         3
 Mephitic Cloud           Conj/Pois/Air  0%         N/A       96%         3
 Flame Wave               Conj/Fire      0%         2d4       100%        4
 Freezing Cloud           Conj/Ice/Air   0%         6-21      100%        5


Dungeon Overview and Level Annotations

Branches:
Dungeon (3/15)

Altars:
Ru


Innate Abilities, Weirdness & Mutations

You are too large for most types of armour.
You have tough skin. (AC +1)


Message History

The orc hits you with a +0 hand axe.
You barely miss the orc.
The orc is lightly wounded.
The orc hits you but does no damage. The orc hits you with a +0 hand axe.
You barely miss the orc.
The orc is lightly wounded.
The orc hits you but does no damage.
You closely miss the orc.
The orc is lightly wounded.
You block the orc's attack.
The orc priest shouts!
You slash the orc!
You kill the orc!
You closely miss the orc.
The orc is lightly wounded.
The orc priest invokes the aid of Beogh against you.
Beogh smites you! The orc closely misses you. You block the orc's attack.
You slash the orc!
You kill the orc!
You block the orc priest's attack.
Items here: ! )) [ †.
The orc priest looks braver for a moment.
You hit the orc priest.
The orc priest is lightly wounded.
The orc priest hits you with a +0 trident!
The orc priest hits you with a +0 trident.
You hit the orc priest but do no damage.
The orc priest is lightly wounded.
The orc priest hits you with a +0 trident!
You closely miss the orc priest.
The orc priest is lightly wounded.
The orc priest hits you with a +0 trident.
* * * LOW HITPOINT WARNING * * *
You closely miss the orc priest.
The orc priest is lightly wounded.
The orc priest invokes the aid of Beogh against you.
Beogh smites you!
* * * LOW HITPOINT WARNING * * *
The orc priest hits you with a +0 trident.
You die...

.. #..##.##.#######..#
#o#.#.#.................#
.o...o..###.##.........##
#.#.#.##....#####.###.##
.. #..........# #.#
##B####.########)###.#
#.......# #.....#
#....##o# ###.### ....
#@# #.# ... #)# #.# ..
#.# #.# # #.###### #.###
#......# #...#
#.#######.#######.# ##.#
#........##.# #..#
#.#.####.##.# #..# #.#.#
#.##.#


You could see an orc priest.

Vanquished Creatures
  2 adders (D:2)
  3 orcs (D:3)
  4 endoplasms
  A giant cockroach (D:2)
  3 hobgoblins
  6 jackals
  2 quokkas
  6 ball pythons
  2 bats
  4 frilled lizards
  7 kobolds
  A rat (D:1)
41 creatures vanquished.

Notes
Turn   | Place    | Note
-------+----------+-------------------------------------------
     0 | D:1      | xian the Ogre Fighter began the quest for the Orb.
     0 | D:1      | Reached XP level 1. HP: 24/24 MP: 1/1
   262 | D:1      | Reached XP level 2. HP: 16/32 MP: 2/2
   835 | D:1      | Found a faded altar of an unknown god.
  1315 | D:2      | Reached XP level 3. HP: 34/40 MP: 3/3
  1850 | D:3      | Found a sacrificial altar of Ru.
  2441 | D:3      | Reached XP level 4. HP: 49/49 MP: 4/4
  2553 | D:3      | HP: 1/49 [orc priest/divine providence (14)]
  2553 | D:3      | Slain by an orc priest

Illustrated notes

Levels and vault maps discovered:
D:1:      grunt_arrival_crossed_arrows, layout_rooms,
          ebering_ecumenical_altar_hall, roderic_lattice_a
D:2:      layout_basic
D:3:      layout_loops_ring, mainiacjoe_overflow_tiny_flanked, amethyst_killhole

Skill      XL: |  1  2 |
---------------+-------+-----
Dodging        | 3 |  3.2
Fighting       | |  4.5
Axes           | |  2.8
Shields        | |  3.5

Action                   |  1- 3 |  4- 6 || total
-------------------------+-------+-------++-------
Melee: War axe           |    94 |    14 ||   108
Armor: Robe              |    44 |     4 ||    48
Dodge: Dodged            |    49 |     2 ||    51
Block: Kite shield       |    45 |     4 ||    49
